 Dungeon Crawl Stone Soup version 0.28.0-45-g0d030f2227 (webtiles) character file.

Game seed: 16884673920841860153

58 Atherized the Skirmisher (level 3, -2/34 HPs)
             Began as a Minotaur Berserker on Apr 24, 2022.
             Was a Follower of Trog.
             Slain by an adder (4 damage)
             ... on level 2 of the Dungeon.
             The game lasted 00:02:29 (1452 turns).

Atherized the Skirmisher (Minotaur Berserker)       Turns: 1452, Time: 00:02:30

Health: -2/34      AC:  2    Str: 23    XL:     3   Next: 76%
Magic:  2/2        EV: 12    Int:  4    God:    Trog [*.....]
Gold:   22         SH:  0    Dex:  9    Spells: 2/2 levels left

rFire   . . .      SeeInvis .   f - +3 short sword
rCold   . . .      Faith    .   (no shield)
rNeg    . . .      Spirit   .   b - +0 animal skin
rPois   .          Reflect  .   (helmet restricted)
rElec   .          Harm     .   (no cloak)
rCorr   .          Rampage  .   (no gloves)
Will    +....                   (no boots)
Stlth   +.........              (no amulet)
HPRegen 0.11/turn               e - ring of willpower
MPRegen 0.08/turn               (no ring)

@: no status effects
A: horns 2, retaliatory headbutt
a: Renounce Religion, Berserk


You were on level 2 of the Dungeon.
You worshipped Trog.
Trog was aware of your devotion.
You visited 1 branch of the dungeon, and saw 2 of its levels.

You collected 22 gold pieces.

Inventory:

Hand Weapons
 a - a +0 hand axe
 f - a +3 short sword (weapon)
Armour
 b - a +0 animal skin (worn)
Jewellery
 e - a ring of willpower (left hand)
Scrolls
 c - a scroll of blinking
 d - a scroll of identify
Potions
 g - a potion of brilliance {unknown}


   Skills:
 + Level 4.5 Fighting
 + Level 4.4 Axes
 + Level 2.7 Armour
 + Level 2.6 Dodging
 + Level 0.2 Stealth


You had 2 spell levels left.
You didn't know any spells.
Your spell library was empty.

Dungeon Overview and Level Annotations

Branches:
Dungeon (2/15)

Altars:


Innate Abilities, Weirdness & Mutations

You have a pair of horns on your head.
You reflexively headbutt those who attack you in melee.


Message History

You kill the kobold!
Trog accepts your kill.
Things that are here:
a +0 club; 5 stones; a kobold corpse You are too injured to fight recklessly!
An adder comes into view.
An adder is nearby!
An adder is nearby!
A kobold comes into view. It is wielding a +0 short sword.
Found a stone staircase leading up.
The kobold shouts!
You closely miss the kobold.
The kobold hits you with a +0 short sword.
You hit the kobold. Your headbutt misses the kobold.
The kobold is heavily wounded.
The kobold hits you with a +0 short sword.
* * * LOW HITPOINT WARNING * * *
A quokka comes into view.
You closely miss the kobold.
The kobold is heavily wounded.
The kobold hits you with a +0 short sword.
* * * LOW HITPOINT WARNING * * *
The kobold hits you with a +0 short sword.
* * * LOW HITPOINT WARNING * * *
You hit the kobold.
You kill the kobold!
Trog accepts your kill.
Things that are here:
a +0 short sword; a kobold corpse The quokka barely misses you.
You closely miss the quokka.
The adder hisses angrily.
Your headbutt misses the quokka. The quokka bites you.
* * * LOW HITPOINT WARNING * * *
The quokka barely misses you. You furiously retaliate!
You headbutt the quokka. You hit the quokka.
You headbutt the quokka, but do no damage.
The quokka is almost dead.
The adder bites you.
You die...

#.# #.# #.# #.# ###
#.# #.# #.. #.###.##
#.# #.##...# #.#
#).....# #.#
#......###^#######.#
#....#.)....#......#
#†..#.##.S@r.#
#..###.#.###.# ##..#
#.## ##.# #.#.###.#
... #.##.# .# <...
.. #.. ...... ## ###
...... S.....


You could see an adder and a quokka.

Vanquished Creatures
  Robin (D:2)
  An adder (D:2)
  A dart slug (D:2)
  3 endoplasms
  10 goblins
  6 hobgoblins
  3 frilled lizards
  7 kobolds
  3 rats
35 creatures vanquished.

Notes
Turn   | Place    | Note
-------+----------+-------------------------------------------
     0 | D:1      | Atherized the Minotaur Berserker began the quest for the
                  | Orb.
     0 | D:1      | Reached XP level 1. HP: 19/19 MP: 0/0
   982 | D:1      | Reached XP level 2. HP: 25/27 MP: 1/1
  1075 | D:2      | Noticed Robin
  1085 | D:2      | Killed Robin
  1086 | D:2      | Reached XP level 3. HP: 25/34 MP: 2/2
  1452 | D:2      | Slain by an adder

Illustrated notes

Levels and vault maps discovered:
D:1:      amcnicky_arrival_wind_blow, layout_basic
D:2:      layout_loops_ring, minmay_tripent, uniq_robin, uniq_sigmund

Skill      XL: |  1  2 |
---------------+-------+-----
Fighting       | 4 |  4.5
Axes           | 4 |  4.4
Armour         | |  2.7
Dodging        | |  2.6
Stealth        | |  0.2

Action                   || total
-------------------------++-------
Melee: Hand axe          ||    31
       Headbutt          ||     7
       Short sword       ||    20
Invok: Berserk           ||     1
  Use: Scroll            ||     1
Armor: Animal skin       ||     4
Dodge: Dodged            ||    31
